 Dungeon Crawl Stone Soup version 0.19-a0-1091-g463c9de (webtiles) character file.

16 FishMan the Grave Robber (level 2, 0/21 HPs)
             Began as a Demonspawn Necromancer on Aug 7, 2016.
             Succumbed to an adder's poison
             ... on level 2 of the Dungeon.
             The game lasted 00:10:13 (985 turns).

FishMan the Grave Robber (Demonspawn Necromancer)    Turns: 985, Time: 00:10:13

Health: 0/21       AC:  3    Str:  8    XL:     2   Next: 41%
Magic:  2/5        EV: 12    Int: 16    God:
Gold:   94         SH:  0    Dex: 13    Spells: 2 memorised, 3 levels left

rFire  . . .     SeeInvis .     (no weapon)
rCold  . . .     Gourm    .     a - +1 robe
rNeg   . . .     Faith    .     (no shield)
rPois  .         Spirit   .     (no helmet)
rElec  .         Dismiss  .     (no cloak)
rCorr  .         Reflect  .     (no gloves)
SustAt .         Harm     .     (no boots)
MR     .....                    (no amulet)
Stlth  ++........               (no ring)
                                (no ring)

@: lethally poisoned (0 -> -6), very slightly contaminated, invisible
A: hooves 1
a: no special abilities


You were on level 2 of the Dungeon.
You were hungry.

You visited 1 branch of the dungeon, and saw 2 of its levels.

You collected 94 gold pieces.

Inventory:

Missiles
 d - 51 stones (quivered)
 k - 7 poisoned needles
 l - 3 javelins
Armour
 a - a +1 robe (worn)
Scrolls
 e - a scroll of fog
 g - a scroll of enchant armour
 i - a scroll of remove curse {unknown}
Books
 b - a book of Necromancy

   Spells                             Type                      Level
   a - Pain                           Necromancy                   1
   b - Animate Skeleton               Necromancy                   1
   c - Vampiric Draining              Necromancy                   3
   d - Regeneration                   Charms/Necromancy            3
   e - Animate Dead                   Necromancy                   4
   f - Control Undead                 Necromancy                   4
Comestibles
 c - a bread ration
 f - a chunk of flesh
 h - a meat ration


   Skills:
 + Level 1.5 Fighting
 - Level 2.0 Dodging
 - Level 1.7 Stealth
 + Level 0.0 Unarmed Combat
 - Level 2.0 Spellcasting
 + Level 4.5 Necromancy


You had 3 spell levels left.
You knew the following spells:

 Your Spells              Type           Power        Failure   Level  Hunger
a - Pain                  Necr           ###.         3%          1    #......
b - Animate Skeleton      Necr           N/A          3%          1    #......


Dungeon Overview and Level Annotations

Branches:
Dungeon (2/15)

Altars:


Innate Abilities, Weirdness & Mutations

You have large cloven feet.


Message History

Aim: an adder (heavily wounded, chance to defeat MR: 81%)
You miscast Pain.
You shiver with cold.
The adder bites you.
* * * LOW HITPOINT WARNING * * *
You are lethally poisoned!
The adder poisons you! The adder misses you.
You take 5 damage, and have 2/21 hp.
MASSIVE DAMAGE!!
You now have 2/5 mp.
As you read the scroll labeled ZUEHAI TYITH, it crumbles to dust.
It is a scroll of enchant armour.
Your +0 robe glows green for a moment.
* * * LOW HITPOINT WARNING * * *
You feel sick. The adder closely misses you.
You take 1 damage, and have 1/21 hp.
As you read the scroll labeled CYAPNIBUNAX, it crumbles to dust.
You hear a voice calling someone else's name.
It was a scroll of random uselessness.
The adder misses you.
You aren't carrying any potions.
As you read the scroll labeled FEOLEH TUFUA, it crumbles to dust.
It is a scroll of identify.
e - a scroll of fog You die...

#..........#
#.########.# #.# #.#
#.# #.# #### #.#####
#.# ...
#.....####.#####
###.######.#.........
#....S..............#
#...@#####.###.(###.#
+....+........>.# #.#
#....#####.###..###.#
#(....(...........#.#
#.....###.####.####.#
#.(....?............#
#....####.####.######
#...r# #.# #.# # #.#
#[# #


You could see an adder and a quokka (wandering).

Vanquished Creatures
  A dart slug (D:1)
  2 giant cockroaches (D:1)
  4 goblins (D:1)
  A hobgoblin (D:1)
  4 bats
  A giant newt (D:1)
  A kobold (D:1)
  A rat (D:1)
15 creatures vanquished.

Vanquished Creatures (collateral kills)
  A hobgoblin (D:1)
1 creature vanquished.

Grand Total: 16 creatures vanquished

Notes
Turn   | Place    | Note
-------+----------+-------------------------------------------
     0 | D:1      | FishMan the Demonspawn Necromancer began the quest for the Orb.
     0 | D:1      | Reached XP level 1. HP: 13/13 MP: 3/3
     2 | D:1      | Learned a level 1 spell: Animate Skeleton
    39 | D:1      | Reached skill level 1 in Fighting
   432 | D:1      | Gained mutation: You have large cloven feet. [demonic ancestry]
   432 | D:1      | Reached XP level 2. HP: 21/21 MP: 3/5
   983 | D:2      | HP: 1/21 [poisoned by an adder]
   985 | D:2      | Succumbed to an adder's poison

Vault maps used:
D:1:      onia_arrival_pyramid
D:2:      grunt_gozag_breadcrumbs, first_bread, minmay_surrounded

Skill      XL: |  1  2 |
---------------+-------+-----
Fighting       | 1 |  1.5
Dodging        | 2 |  2.0
Stealth        | |  1.7
Spellcasting   | |  2.0
Necromancy     | |  4.5

Action                   || total
-------------------------++-------
Melee: Unarmed           ||    34
       Kick              ||     4
Throw: Stone             ||    33
 Cast: Pain              ||    14
       Animate Skeleton  ||     6
  Use: Scroll            ||     3
       Potion            ||     1
 Stab: Sleeping          ||     1
Armor: Robe              ||     7
Dodge: Dodged            ||    29
